 Dungeon Crawl Stone Soup version 0.29.1-2-gbd0b4ee654 (webtiles) character file.

Game seed: 8357804913137443410

183 Destapler the Trooper (level 5, -4/47 HPs)
             Began as a Minotaur Fighter on Nov 7, 2022.
             Was a Believer of Nemelex Xobeh.
             Slain by a kobold brigand
             ... wielding a +1 dagger of venom
              (6 damage)
             ... on level 3 of the Dungeon.
             The game lasted 00:03:51 (2044 turns).

Destapler the Trooper (Minotaur Fighter)            Turns: 2044, Time: 00:03:52

Health: -4/47      AC:  8    Str: 22    XL:     5   Next: 35%
Magic:  4/4        EV:  9    Int:  5    God:    Nemelex Xobeh [**....]
Gold:   106        SH:  4    Dex: 10    Spells: 4/4 levels left

rFire   + . .      SeeInvis .   a - +0 war axe
rCold   . . .      Faith    .   c - +0 buckler
rNeg    . . .      Spirit   .   b - +0 scale mail
rPois   .          Reflect  .   (helmet restricted)
rElec   .          Harm     .   (no cloak)
rCorr   .          Rampage  .   (no gloves)
Will    .....                   l - +0 pair of boots
Stlth   ..........              (no amulet)
HPRegen 0.15/turn               g - ring of protection from fire
MPRegen 0.09/turn               (no ring)

@: lethally poisoned (-4 -> -29)
A: horns 2, retaliatory headbutt
a: Renounce Religion, Draw Escape, Draw Destruction, Draw Summoning


You were on level 3 of the Dungeon.
You worshipped Nemelex Xobeh.
Nemelex Xobeh was pleased with you.
You visited 1 branch of the dungeon, and saw 3 of its levels.

You collected 106 gold pieces.

Inventory:

Hand Weapons
 a - a +0 war axe (weapon)
Armour
 b - a +0 scale mail (worn)
 c - a +0 buckler (worn)
 l - a +0 pair of boots (worn)
Jewellery
 g - a ring of protection from fire (left hand)
Wands
 n - a wand of flame (18)
Scrolls
 f - 3 scrolls of teleportation {unknown}
 h - a scroll of blinking {unknown}
 j - a scroll of amnesia {unknown}
 k - a scroll of summoning {unknown}
 m - a scroll of magic mapping {unknown}
Potions
 d - 2 potions of might
 e - a potion of magic {unknown}
 o - a potion of flight {unknown}
 p - a potion of haste {unknown}
 q - a potion of heal wounds {unknown}


   Skills:
 + Level 4.7 Fighting
 + Level 3.8 Axes
 + Level 4.6 Armour
 + Level 4.6 Shields
 * Level 1.2 Invocations
 + Level 0.6 Evocations


You had 4 spell levels left.
You didn't know any spells.
Your spell library contained the following spells:

 Spells                   Type           Power      Damage    Failure   Level
 Static Discharge         Conj/Air       0%         3-3/arc   95%         2
 Dispel Undead            Necr           0%         3d6       100%        4
 Sticky Flame             Conj/Fire      0%         2d3       100%        4


Dungeon Overview and Level Annotations

Branches:
Dungeon (3/15)

Altars:
Nemelex Xobeh
Trog


Innate Abilities, Weirdness & Mutations

You have a pair of horns on your head.
You reflexively headbutt those who attack you in melee.


Message History

You kill the kobold!
A kobold brigand comes into view.
It is wielding a +1 dagger of venom and quivering poisoned darts.
The kobold brigand hits you but does no damage.
You slash the kobold brigand!
Your headbutt misses the kobold brigand.
The kobold brigand is heavily wounded.
You block the kobold brigand's attack.
You hit the kobold brigand. You headbutt the kobold brigand.
The kobold brigand is severely wounded.
You block the kobold brigand's attack.
You closely miss the kobold brigand.
The kobold brigand is severely wounded.
The kobold brigand hits you but does no damage.
You are poisoned.
The kobold brigand hits you with a +1 dagger of venom.
You are more poisoned.
You barely miss the kobold brigand.
The kobold brigand is severely wounded.
You feel extremely sick.
The kobold brigand hits you with a +1 dagger of venom.
You slash the kobold brigand!
Your headbutt misses the kobold brigand.
The kobold brigand is almost dead.
You feel very sick. The kobold brigand closely misses you.
You closely miss the kobold brigand.
The kobold brigand is almost dead.
You feel very sick.
The kobold brigand hits you with a +1 dagger of venom.
* * * LOW HITPOINT WARNING * * *
You are lethally poisoned!
The kobold brigand hits you with a +1 dagger of venom.
* * * LOW HITPOINT WARNING * * *
You are more poisoned.
It was a potion of cancellation.
You feel magically purged.
* * * LOW HITPOINT WARNING * * *
You feel very sick.
The kobold brigand hits you with a +1 dagger of venom.
You die...
Your body glows slightly and disappears.

.# # .. .# .. # .# # .# .#
.##.## .# .## ....(######)#
# ...## ##...K@...)#.#
#...### #..######..#.####
#...###.##### #))...... ##
##...>......###........
.####............##........
...#..............#)#######
##......†.........#.#
##.................#
###.................#


You could see a kobold brigand.

Vanquished Creatures
  A kobold brigand (D:3)
  2 adders
  3 gnolls
  A worm (D:2)
  A dart slug (D:2)
  6 ball pythons
  4 endoplasms
  3 giant cockroaches
  7 hobgoblins
  2 jackals (D:1)
  6 kobolds
  4 quokkas
  7 bats
  2 frilled lizards
  9 goblins
  3 rats
61 creatures vanquished.

Notes
Turn   | Place    | Note
-------+----------+-------------------------------------------
     0 | D:1      | Destapler the Minotaur Fighter began the quest for the Orb.
     0 | D:1      | Reached XP level 1. HP: 19/19 MP: 0/0
   236 | D:1      | Reached XP level 2. HP: 27/27 MP: 1/1
   707 | D:1      | Reached XP level 3. HP: 33/33 MP: 2/2
   716 | D:1      | Found a faded altar of an unknown god.
   733 | D:1      | Prayed at the altar of an unknown god.
   733 | D:1      | Became a worshipper of Nemelex Xobeh the Trickster
   733 | D:1      | Reached * piety under Nemelex Xobeh
  1012 | D:2      | Received a gift from Nemelex Xobeh
  1175 | D:2      | Found a bloodstained altar of Trog.
  1364 | D:1      | Reached XP level 4. HP: 34/40 MP: 3/3
  1767 | D:3      | Reached ** piety under Nemelex Xobeh
  1971 | D:3      | Noticed a kobold brigand
  1977 | D:3      | Killed a kobold brigand
  1978 | D:3      | Reached skill level 1 in Invocations
  1978 | D:3      | Reached XP level 5. HP: 32/47 MP: 4/4
  2044 | D:3      | HP: 2/47 [poisoned by a kobold brigand]
  2044 | D:3      | Slain by a kobold brigand

Illustrated notes

Levels and vault maps discovered:
D:1:      lightli_arrival_quake, layout_loops_corners,
          chequers_ecumenical_altar_twisty, minmay_liquid_box, solitary_fountain
D:2:      layout_basic, basic_altar
D:3:      cheibrodos_thug_alley, layout_rooms

Skill      XL: |  1  2  3  4 |
---------------+-------------+-----
Fighting       | 4 |  4.7
Shields        | 4 |  4.6
Armour         | 4 |  4.6
Axes           | 3 |  3.8
Invocations    | 1 |  1.2
Evocations     | |  0.6

Action                   |  1- 3 |  4- 6 || total
-------------------------+-------+-------++-------
Melee: War axe           |    87 |    43 ||   130
       Headbutt          |     8 |     2 ||    10
Invok: Draw Destruction  |       |     1 ||     1
  Use: Potion            |       |     1 ||     1
Armor: Scale mail        |    43 |    13 ||    56
Dodge: Dodged            |    60 |    19 ||    79
Block: Buckler           |    25 |     7 ||    32
